 Dungeon Crawl Stone Soup version 0.22-a0-135-g6f012ad (webtiles) character file.

710 galech the Ruffian (level 7, 0/71 HPs)
             Began as a Troll Monk on Jan 31, 2018.
             Slain by galech's ghost (15 damage)
             ... on level 5 of the Dungeon.
             The game lasted 00:04:20 (3546 turns).

galech the Ruffian (Troll Monk)                     Turns: 3546, Time: 00:04:21

Health: 0/71       AC:  9    Str: 22    XL:     7   Next: 40%
Magic:  6/6        EV: 13    Int:  6    God:
Gold:   232        SH:  0    Dex: 12    Spells: 6/6 levels left

rFire    . . .     SeeInvis .     - Unarmed
rCold    . . .     Gourm    +   (no shield)
rNeg     . . .     Faith    .   l - +0 robe {MR+}
rPois    .         Spirit   .   (helmet restricted)
rElec    .         Reflect  .   (no cloak)
rCorr    .         Harm     .   (gloves unavailable)
MR       +....                  (boots unavailable)
Stlth    ++........             (no amulet)
HPRegen  0.61/turn              k - +3 ring of evasion
MPRegen  0.10/turn              q - +4 ring of protection

@: no status effects
A: large, unfitting armour, claws 3, fast metabolism 3, gourmand, regeneration
1, shaggy fur 1, tough skin 2
a: no special abilities


You were on level 5 of the Dungeon.
You were very full.

You visited 1 branch of the dungeon, and saw 5 of its levels.

You collected 232 gold pieces.

Inventory:

Armour
 l - a +0 robe of magic resistance (worn)
Jewellery
 k - a +3 ring of evasion (left claw)
 q - a +4 ring of protection (right claw)
Wands
 o - a wand of polymorph (21)
Scrolls
 a - a scroll of fog {unknown}
 c - 3 scrolls of remove curse {unknown}
 f - 2 scrolls of teleportation {unknown}
 h - 4 scrolls of identify {unknown}
 j - 3 scrolls of enchant armour {unknown}
 m - a scroll of fear {unknown}
Potions
 d - 3 potions of haste
 e - 3 potions of brilliance {unknown}
 g - a potion of lignification {unknown}
 i - a potion of agility {unknown}
 p - a potion of curing {unknown}
Comestibles
 b - 10 rations


   Skills:
 + Level 4.5 Fighting
 - Level 2.4 Dodging
 - Level 1.0 Stealth
 * Level 7.4 Unarmed Combat


You had 6 spell levels left.
You didn't know any spells.

Dungeon Overview and Level Annotations

Branches:
Dungeon (5/15)
 Temple: D:4-7

Altars:
Cheibriados
Fedhas
Gozag
Yredelemnul

Annotations:
D:5 galech's ghost, novice TrMo


Innate Abilities, Weirdness & Mutations

You are too large for most types of armour.
You have claws for hands.
Your metabolism is lightning-fast.
You like to eat raw meat.
Your natural rate of healing is unusually fast.
You are covered in fur. (AC +1)
You have very tough skin. (AC +2)


Message History

You are too injured to fight recklessly!
You are too injured to fight recklessly!
You are too injured to fight recklessly!
You are too injured to fight recklessly!
You are too injured to fight recklessly!
You are too injured to fight recklessly!
You are too injured to fight recklessly!
You are too injured to fight recklessly!
You are too injured to fight recklessly!
You are too injured to fight recklessly!
You scratch galech's ghost.
Galech's ghost is heavily damaged.
Galech's ghost hits you!
* * * LOW HITPOINT WARNING * * *
You closely miss galech's ghost.
Galech's ghost is heavily damaged.
You closely miss galech's ghost.
Galech's ghost is heavily damaged.
Galech's ghost hits you!
You die...

...... .....#
.....#.....###
....#........
.......[(...
#......... .......#
#W.#..##
#@.....####
#...†#........#
#....#.<......###
#....#.##........
#....####..#..#####
#..................
#..................
##...#####.....##
## ######....#


You could see galech's ghost.

Vanquished Creatures
  Sigmund (D:4)
  2 ogres
  The ghost of murphy the Magician, an amateur GnWz (D:3)
  2 howler monkeys
  A bullfrog zombie (D:3)
  A hound (D:4)
  An orc wizard (D:3)
  3 gnolls (D:4)
  2 adders
  An ooze (D:3)
  2 worms
  3 dart slugs
  4 leopard geckos
  12 orcs
  6 bats
  4 giant cockroaches
  3 goblins
  3 hobgoblins
  7 jackals (D:2)
  A quokka (D:2)
  6 frilled lizards
  4 kobolds
  7 rats
77 creatures vanquished.

Notes
Turn   | Place    | Note
-------+----------+-------------------------------------------
     0 | D:1      | galech the Troll Monk began the quest for the Orb.
     0 | D:1      | Reached XP level 1. HP: 22/22 MP: 0/0
    75 | D:1      | Reached XP level 2. HP: 29/29 MP: 1/1
    96 | D:1      | Noticed a big kobold
    96 | D:1      | Noticed a big kobold
    96 | D:1      | Noticed a big kobold
   100 | D:1      | Noticed a big kobold
  1032 | D:2      | Reached XP level 3. HP: 33/36 MP: 2/2
  1134 | D:2      | Found an opulent altar of Gozag.
  1284 | D:2      | Reached skill level 4 in Unarmed Combat
  1519 | D:2      | Found a basalt altar of Yredelemnul.
  1749 | D:3      | Found a blossoming altar of Fedhas.
  2040 | D:3      | Reached XP level 4. HP: 45/45 MP: 3/3
  2086 | D:3      | Noticed an ogre
  2095 | D:3      | Killed an ogre
  2095 | D:3      | Reached skill level 5 in Unarmed Combat
  2095 | D:3      | Reached XP level 5. HP: 45/53 MP: 4/4
  2282 | D:3      | You fall through a shaft for 2 floors!
  2282 | D:5      | Entered Level 5 of the Dungeon
  2653 | D:3      | Noticed murphy's ghost (amateur GnWz)
  2664 | D:3      | Killed murphy's ghost
  2664 | D:3      | Reached skill level 6 in Unarmed Combat
  2664 | D:3      | Reached XP level 6. HP: 55/62 MP: 5/5
  2791 | D:4      | Found a snail-covered altar of Cheibriados.
  2951 | D:4      | Noticed Sigmund
  2961 | D:4      | Killed Sigmund
  2961 | D:4      | Reached skill level 7 in Unarmed Combat
  2961 | D:4      | Reached XP level 7. HP: 57/71 MP: 6/6
  3530 | D:5      | Noticed galech's ghost (novice TrMo)
  3546 | D:5      | Slain by galech's ghost

Vault maps used:
D:1:      erik_arrival_cave_to_civilisation
D:2:      nicolae_overflow_crystal_walls, marbit_many_paths, first_ration
D:3:      old_standard_altar
D:4:      kennysheep_little_box, uniq_sigmund
D:5:      uniq_grinder

Skill      XL: |  1  2  3  4  5  6 |
---------------+-------------------+-----
Unarmed Combat | 4 5 6 7 |  7.4
Fighting       | 3 4 |  4.5
Dodging        | |  2.4
Stealth        | |  1.0

Action                   |  1- 3 |  4- 6 |  7- 9 || total
-------------------------+-------+-------+-------++-------
Melee: Unarmed           |   107 |    78 |    38 ||   223
       Punch             |     6 |     2 |       ||     8
 Stab: Sleeping          |     4 |     4 |     2 ||    10
  Eat: Chunk             |    24 |     8 |     4 ||    36
Armor: Robe              |    35 |    20 |     7 ||    62
Dodge: Dodged            |    42 |    42 |    12 ||    96

Table legend:
 A = Spawn XP
 B = Non-spawn XP
 C = Spawn XP percentage of total XP
 D = Spawn monster count
 E = Non-spawn monster count
 F = Spawn count percentage of total count
 G = Total turns spent on level
                    A         B        C        D         E        F      G
               +---------+---------+-------+---------+---------+-------+---------
         Total |       0 |    1015 |   0.0 |       0 |      77 |   0.0 |  3546
               +---------+---------+-------+---------+---------+-------+---------
           D:1 |       0 |      29 |   0.0 |       0 |      15 |   0.0 |   789
           D:2 |       0 |      32 |   0.0 |       0 |      19 |   0.0 |   877
           D:3 |       0 |     375 |   0.0 |       0 |      23 |   0.0 |   982
           D:4 |       0 |     521 |   0.0 |       0 |      18 |   0.0 |   853
           D:5 |       0 |      58 |   0.0 |       0 |       2 |   0.0 |    45
               +---------+---------+-------+---------+---------+-------+---------
